 Dungeon Crawl Stone Soup version 0.19-a0-1111-gcceb26a (webtiles) character file.

134 epen the Ducker (level 4, -2/22 HPs)
             Began as a Felid Monk on Aug 11, 2016.
             Slain by a gnoll
             ... wielding a +0 club
              (9 damage)
             ... on level 5 of the Dungeon.
             The game lasted 00:04:27 (3090 turns).

epen the Ducker (Felid Monk)                        Turns: 3090, Time: 00:04:27

Health: -2/22      AC:  1    Str:  7    XL:     4   Next: 95%
Magic:  5/5        EV: 21    Int: 18    God:
Gold:   113        SH:  0    Dex: 18    Spells: 0 memorised, 3 levels left
                                        Lives:  0   Deaths: 1

rFire  . . .     SeeInvis +       - Unarmed
rCold  . . .     Gourm    .     (armour unavailable)
rNeg   . . .     Faith    .     (shield unavailable)
rPois  .         Spirit   .     (helmet unavailable)
rElec  .         Dismiss  .     (cloak unavailable)
rCorr  .         Reflect  .     (gloves unavailable)
SustAt .         Harm     .     (boots unavailable)
MR     .....                    (no amulet)
Stlth  ++++......               (no ring)
                                (no ring)

@: brilliant, quick
A: no armour, no weapons or thrown items, claws 1, fangs 3, see invisible,
carnivore 3, speed 1, shaggy fur 1, slow metabolism 1, sharp paws
a: no special abilities


You were on level 5 of the Dungeon.
You were full.

You visited 1 branch of the dungeon, and saw 5 of its levels.

You collected 113 gold pieces.

Inventory:

Wands
 j - a wand of digging (3/24)
Scrolls
 b - a scroll of enchant armour {unknown}
 d - a scroll of blinking {unknown}
 i - a scroll of teleportation
 k - 3 scrolls of identify
 l - a scroll of remove curse
Potions
 h - a potion of cure mutation {unknown}
 m - a potion of ambrosia {unknown}
 n - a potion of flight {unknown}
 o - a potion of heal wounds {unknown}
 p - a potion of mutation {unknown}
Books
 r - a book of the Warp

   Spells                             Type                      Level
   a - Recall                         Summoning/Translocation      3
   b - Gell's Gravitas                Hexes/Translocation          3
   c - Force Lance                    Conjuration/Translocation    4
   d - Warp Weapon                    Charms/Translocation         5
   e - Summon Forest                  Summoning/Translocation      5
Comestibles
 a - 4 meat rations
 c - a beef jerky
 q - 2 slices of pizza


   Skills:
 + Level 3.7 Fighting
 + Level 5.3 Dodging
 + Level 4.3 Stealth
 * Level 4.9 Unarmed Combat


You had 3 spell levels left.
You didn't know any spells.

Dungeon Overview and Level Annotations

Branches:
Dungeon (5/15)
 Temple: D:4-7

Altars:
Fedhas
Okawaru

Annotations:
D:2 Sigmund
D:3 epen's ghost, amateur FeMo


Innate Abilities, Weirdness & Mutations

You cannot wear armour.
You are incapable of wielding weapons or throwing items.
You have sharp claws.
You have razor-sharp teeth.
You have supernaturally acute eyesight. (SInv)
You are carnivorous and can eat meat at any time.
You cover ground quickly.
You are covered in fur. (AC +1)
You have a slow metabolism.
Your sharp claws are effective at attacking unaware monsters.


Message History

The giant gecko skeleton closely misses you.
The gnoll closely misses you.
Unknown command.
You scratch the gnoll.
The gnoll is severely wounded.
The giant gecko skeleton completely misses you.
The gnoll closely misses you. x2
You scratch the gnoll but do no damage.
The gnoll is severely wounded.
The giant gecko skeleton completely misses you.
The gnoll misses you. The gnoll completely misses you.
You scratch the gnoll.
The gnoll is almost dead.
The giant gecko skeleton bites you. The gnoll hits you.
The gnoll closely misses you.
You closely miss the gnoll.
The gnoll is almost dead.
The giant gecko skeleton completely misses you.
The gnoll misses you. The gnoll hits you with a club!
You die...

# .### ##... ###... ...[#
#. #.gZ# .. ....# #.#
####.@g#..# .....#
#...##........# .....
###..........### #...
...####.....# ##..#
#.###.?#...###..# .#
#####.....###......## .##
#......#####..##....##..#
.##.###..##......##.....#
....###.###......##<....#


You could see 2 gnolls and a giant gecko skeleton.

Vanquished Creatures
  2 hounds (D:4)
  An orc wizard (D:4)
  2 gnolls (D:5)
  A howler monkey skeleton (D:5)
  4 adders
  An ooze (D:2)
  A worm (D:2)
  4 dart slugs
  3 giant geckos
  3 orcs (D:4)
  2 ball pythons
  7 bats
  6 giant cockroaches
  3 goblins
  6 hobgoblins
  2 quokkas
  2 giant gecko skeletons (D:4)
  3 giant newts
  7 kobolds
  6 rats
66 creatures vanquished.

Notes
Turn   | Place    | Note
-------+----------+-------------------------------------------
     0 | D:1      | epen the Felid Monk began the quest for the Orb.
     0 | D:1      | Reached XP level 1. HP: 10/10 MP: 2/2
    94 | D:1      | Reached XP level 2. HP: 8/14 MP: 3/3
   817 | D:2      | Reached XP level 3. HP: 15/17 MP: 4/4
   923 | D:2      | Noticed Sigmund
  1174 | D:3      | Found an iron altar of Okawaru.
  1421 | D:2      | Reached XP level 4. HP: 19/21 MP: 5/5
  2271 | D:3      | Noticed epen's ghost (amateur FeMo)
  2466 | D:4      | Reached XP level 5. HP: 16/24 MP: 6/6
  2468 | D:4      | Reached skill level 5 in Dodging
  2751 | D:4      | Found a blossoming altar of Fedhas.
  2755 | D:4      | Noticed a phantom
  2760 | D:4      | Slain by a scorpion
  2761 | D:4      | Reached XP level 4. HP: -3/31 MP: 5/5
  2788 | D:5      | Entered Level 5 of the Dungeon
  3090 | D:5      | Slain by a gnoll

Vault maps used:
D:1:      sevenhm_arrival_forest_fort_small_3, st_stairs_11
D:2:      first_bread, hex_medium, minmay_misc_feat_nine_boxes, minivault_24,
          uniq_sigmund
D:3:      okawaru_metal_pillars_1_2, due_unseen_surprise
D:4:      fedhas_altar_3
D:5:      nicolae_ru_awakened_eye

Skill      XL: |  1  2  3  4  5 |
---------------+----------------+-----
Stealth        | 3 4 |  4.3
Unarmed Combat | 4 |  4.9
Dodging        | 5 |  5.3
Fighting       | |  3.7

Action                   |  1- 3 |  4- 6 || total
-------------------------+-------+-------++-------
Melee: Unarmed           |    98 |   109 ||   207
       Punch             |     1 |       ||     1
       Bite              |     9 |    10 ||    19
  Use: Scroll            |     5 |       ||     5
       Potion            |       |     4 ||     4
 Stab: Sleeping          |    15 |     5 ||    20
       Distracted        |       |     1 ||     1
  Eat: Chunk             |     8 |     5 ||    13
Armor: Skin              |     3 |     4 ||     7
Dodge: Dodged            |    72 |    91 ||   163
